 Dungeon Crawl Stone Soup version 0.29-a0-91-gdebf4667c2 (webtiles) character file.

Game seed: 5335720357623506329

91 enile the Gusty (level 4, 0/35 (37) HPs)
             Began as a Demigod Air Elementalist on Feb 9, 2022.
             Slain by Crazy Yiuf (2 damage)
             ... on level 2 of the Dungeon.
             The game lasted 00:03:47 (3070 turns).

enile the Gusty (Demigod Air Elementalist)          Turns: 3070, Time: 00:03:48

HP:   0/35 (37)     AC: 10    Str:  9    XL:     4   Next: 12%
MP:   1/9           EV: 12    Int: 21    God:
Gold: 118           SH:  0    Dex: 14    Spells: 1/7 levels left

rFire   . . .      SeeInvis .   j - +0 great sword
rCold   . . .      Faith    .   (shield currently unavailable)
rNeg    . . .      Spirit   .   a - +0 robe
rPois   .          Reflect  .   (no helmet)
rElec   .          Harm     .   (no cloak)
rCorr   .          Rampage  .   (no gloves)
Will    .....                   (no boots)
Stlth   ++........              (no amulet)
HPRegen 0.11/turn               d - +4 ring of protection
MPRegen 0.11/turn               k - +4 ring of protection

@: drained
A: high MP 1, forlorn, divine attributes
a: no special abilities


You were on level 2 of the Dungeon.
You visited 1 branch of the dungeon, and saw 2 of its levels.

You collected 118 gold pieces.

Inventory:

Hand Weapons
 c - a +0 dagger
 j - a +0 great sword (weapon)
 m - a +1 short sword of speed
 o - a +2 mace of protection
Missiles
 e - 4 atropa-tipped darts
Armour
 a - a +0 robe (worn)
Jewellery
 d - a +4 ring of protection (left hand)
 i - a ring of positive energy
 k - a +4 ring of protection (right hand)
Wands
 n - a wand of iceblast (4)
Scrolls
 b - 6 scrolls of identify {unknown}
 g - a scroll of teleportation {unknown}
Potions
 f - a potion of brilliance {unknown}
 h - a potion of heal wounds {unknown}
 l - a potion of degeneration {unknown}


   Skills:
 + Level 2.7 Fighting
 - Level 1.7 Dodging
 - Level 1.7 Stealth
 - Level 2.0 Spellcasting
 - Level 2.0 Conjurations
 - Level 3.0 Air Magic


You had one spell level left.
You knew the following spells:

 Your Spells              Type           Power      Damage    Failure   Level
a - Shock                 Conj/Air       48%        1d6       5%          1
b - Static Discharge      Conj/Air       12%        N/A       8%          2
c - Swiftness             Air            14%        N/A       13%         3

Your spell library contained the following spells:

 Spells                   Type           Power      Damage    Failure   Level
 Airstrike                Air            7%         N/A       38%         4


Dungeon Overview and Level Annotations

Branches:
Dungeon (2/15)

Shops:
D:1 (

Annotations:
D:2 Crazy Yiuf


Innate Abilities, Weirdness & Mutations

You have an increased reservoir of magic. (+10% MP)
You shall have no god before yourself.
Your divine heritage dramatically boosts your attributes as you level up.


Message History

o - a +2 mace of protection You see here a +1 mace of draining.
You see here a +0 mace.
Okay, then.
Level annotation: 1 runed translucent door, Crazy Yiuf Welcome back, enile the Demigod Air Elementalist.
Press ? for a list of commands and other information.
No reachable target in view!
No reachable target in view!
You're wearing all the rings you can.
Remove which one? (? for menu, Esc to cancel) < or
d - a +4 ring of protection; > or
i - a ring of positive energy You remove your ring of positive energy.
k - a +4 ring of protection (right hand)
You open the door.
Crazy Yiuf shouts!
You slash Crazy Yiuf!
Crazy Yiuf is heavily wounded.
Crazy Yiuf hits you but does no damage.
Crazy Yiuf hits you with a +4 quarterstaff of chaos.
You feel drained.
You closely miss Crazy Yiuf.
Crazy Yiuf is heavily wounded.
Crazy Yiuf hits you with a +4 quarterstaff of chaos!
Crazy Yiuf freezes you.
Crazy Yiuf hits you with a +4 quarterstaff of chaos.
You barely miss Crazy Yiuf.
Crazy Yiuf is heavily wounded.
Crazy Yiuf grits, "Tonal!
East agre shoe."
Crazy Yiuf hits you with a +4 quarterstaff of chaos!
* * * LOW HITPOINT WARNING * * *
You feel your power leaking away.
Cast which spell? (? or * to list) Crazy Yiuf is struck by an arc of lightning.
Crazy Yiuf is severely wounded.
You are struck by an arc of lightning.
* * * LOW HITPOINT WARNING * * *
The lightning grounds out.
Crazy Yiuf closely misses you.
Crazy Yiuf hits you with a +4 quarterstaff of chaos.
You die...

#...# #))))#
#.##.##.#### #.###
#))))# #........... #.#
♣).))♣ #.##.##.##.. #.#
♣♣)P.♣ #.##........ #.#
♣♣.♣♣ #........##.
####.# ♣♣.♣
#######.#### #....#
♣.♣♣ #.......## #
##.###### ♣♣.♣
#...###..## #.......#
♣@♣♣ #.....#...##
#..####.# #g#
##..#.#.#..^ #..# #.#
... ##..#.#.#... #..#
#.# #...# #.........##
#..# #.# #)..#
##..#....## #..####.#
##### #..###.## #
#.......# #..# #.####
##.##...############..#
#..##.
#.#..................#
#.....


You could see Crazy Yiuf.

Vanquished Creatures
  3 adders (D:2)
  A dart slug (D:1)
  7 endoplasms (D:1)
  5 giant cockroaches
  10 hobgoblins
  2 jackals (D:1)
  2 quokkas
  2 ball pythons
  5 bats
  4 frilled lizards
  3 goblins (D:1)
  8 kobolds
  4 rats
56 creatures vanquished.

Notes
Turn   | Place    | Note
-------+----------+-------------------------------------------
     0 | D:1      | enile the Demigod Air Elementalist began the quest for the
                  | Orb.
     0 | D:1      | Reached XP level 1. HP: 14/14 MP: 5/5
   271 | D:1      | Reached skill level 1 in Fighting
   453 | D:1      | Reached XP level 2. HP: 12/23 MP: 0/7
   648 | D:1      | Found Tolech's Weapon Emporium.
  1207 | D:1      | Reached skill level 3 in Air Magic
  1216 | D:1      | Reached skill level 1 in Conjurations
  1217 | D:1      | Reached XP level 3. HP: 26/29 MP: 3/8
  1565 | D:1      | Learned a level 2 spell: Static Discharge
  1569 | D:1      | Learned a level 3 spell: Swiftness
  2615 | D:2      | Reached XP level 4. HP: 37/37 MP: 2/9
  2750 | D:2      | Found a runed translucent door.
  2751 | D:2      | Noticed Crazy Yiuf
  3070 | D:2      | Slain by Crazy Yiuf

Illustrated notes

Levels and vault maps discovered:
D:1:      sevenhm_arrival_forest_fort_small_6, layout_loops_ring, serial_shops,
          shop
D:2:      layout_loops_ring, hellmonk_ecumenical_altar_prayer_group,
          chequers_serial_rivers_room_b, palyth_stone_intersect,
          minmay_bisected, uniq_crazy_yiuf_cottage

Skill      XL: |  1  2  3 |
---------------+----------+-----
Fighting       | 1 2 |  2.7
Spellcasting   | 2 |  2.0
Air Magic      | 3 |  3.0
Conjurations   | 1 2 |  2.0
Dodging        | |  1.7
Stealth        | |  1.7

Action                   |  1- 3 |  4- 6 || total
-------------------------+-------+-------++-------
Melee: Unarmed           |    11 |       ||    11
       Dagger            |    22 |       ||    22
       Great sword       |    10 |     6 ||    16
       Punch             |     1 |       ||     1
 Cast: Shock             |    92 |     6 ||    98
       Static Discharge  |     5 |     1 ||     6
 Stab: Sleeping          |     1 |       ||     1
Armor: Robe              |    19 |     4 ||    23
Dodge: Dodged            |    35 |     7 ||    42

Table legend: (Time is in decaauts)
 A = Elapsed time spent in this place.
 B = Non-inter-level travel time spent in this place.
 C = Inter-level travel time spent in this place.
 D = Time resting spent in this place.
 E = Time spent auto-exploring this place.
 F = Levels seen in this place.
 G = Mean time per level.
                   A        B        C        D        E       F      G
               +--------+--------+--------+--------+--------+-----+--------+
         Total |   3080 |   2995 |     85 |      3 |   2676 |   2 | 1540.0 |
       Dungeon |   3080 |   2995 |     85 |      3 |   2676 |   2 | 1540.0 |
               +--------+--------+--------+--------+--------+-----+--------+

Top non-repeatable levels by time:
     D:1: 1603 daAuts
     D:2: 1476 daAuts
